 Dungeon Crawl Stone Soup version 0.19.1-1-g22dce08 (webtiles) character file.

148 McKennaii the Gusty (level 5, -4/31 HPs)
             Began as a High Elf Air Elementalist on Jan 7, 2017.
             Slain by eggzz's ghost (5 damage)
             ... on level 3 of the Dungeon.
             The game lasted 00:05:54 (1720 turns).

McKennaii the Gusty (High Elf Air Elementalist)     Turns: 1720, Time: 00:05:55

Health: -4/31      AC:  2    Str:  7    XL:     5   Next: 8%
Magic:  2/11       EV: 13    Int: 19    God:
Gold:   110        SH:  0    Dex: 16    Spells: 3 memorised, 6 levels left

rFire  . . .     SeeInvis .     j - +0 long sword
rCold  . . .     Gourm    .     a - +0 robe
rNeg   . . .     Faith    .     (no shield)
rPois  .         Spirit   .     (no helmet)
rElec  .         Reflect  .     (no cloak)
rCorr  .         Harm     .     (no gloves)
MR     .....                    (no boots)
Stlth  ++........               (no amulet)
                                (no ring)
                                (no ring)

@: no status effects
A: no striking features
a: no special abilities


You were on level 3 of the Dungeon.
You were not hungry.

You visited 1 branch of the dungeon, and saw 3 of its levels.

You collected 110 gold pieces.

Inventory:

Hand Weapons
 j - a +0 long sword (weapon)
Armour
 a - a +0 robe (worn)
Scrolls
 c - 2 scrolls of identify {unknown}
 f - a scroll of magic mapping {unknown}
 g - a scroll of recharging {unknown}
 h - 2 scrolls of remove curse {unknown}
 i - 2 scrolls of enchant weapon {unknown}
 k - a scroll of fog {unknown}
Potions
 d - a potion of heal wounds {unknown}
 e - a potion of brilliance {unknown}
 l - 2 potions of might {unknown}
 m - a potion of curing
Books
 b - a book of Air

   Spells                             Type                      Level
   a - Shock                          Conjuration/Air              1
   b - Swiftness                      Charms/Air                   2
   c - Repel Missiles                 Charms/Air                   2
   d - Static Discharge               Conjuration/Air              3
   e - Lightning Bolt                 Conjuration/Air              5


   Skills:
 + Level 0.2 Fighting
 + Level 1.4 Long Blades
 + Level 2.9 Dodging
 + Level 2.3 Stealth
 + Level 0.8 Unarmed Combat
 + Level 3.8 Spellcasting
 + Level 2.2 Conjurations
 + Level 4.4 Air Magic


You had 6 spell levels left.
You knew the following spells:

 Your Spells              Type           Power        Failure   Level  Hunger
a - Shock                 Conj/Air       ###.         4%          1    None
b - Swiftness             Chrm/Air       ##......     10%         2    ##.....
c - Repel Missiles        Chrm/Air       ##....       10%         2    ##.....


Dungeon Overview and Level Annotations

Branches:
Dungeon (3/15)

Altars:
Nemelex Xobeh
Qazlal

Annotations:
D:3 eggzz's ghost, amateur CeWr


Message History

Eggzz's ghost is severely damaged.
Eggzz's ghost hits you!
Casting: Shock
Confirm with . or Enter, or press ? or * to list all spells.
Aiming: Shock
Press: ? - help, Shift-Dir - straight line The zap hits eggzz's ghost.
Eggzz's ghost is severely damaged.
The zap hits eggzz's ghost.
Eggzz's ghost is severely damaged.
Eggzz's ghost hits you!
* * * LOW HITPOINT WARNING * * *
Casting: Shock
Confirm with . or Enter, or press ? or * to list all spells.
Aiming: Shock
Press: ? - help, Shift-Dir - straight line The zap hits eggzz's ghost.
Eggzz's ghost appears unharmed.
Eggzz's ghost is severely damaged.
The zap misses eggzz's ghost.
Eggzz's ghost hits you.
You die...

#........######
####.##........
#.##..######
#.........#
####.####.# #.# ##
#.# ##...##### #.#
#......@.# #.#
#....###W####.####
#.# #.?...W....#
.......#...(.....#
#####..#.##.##.##..
#..#.##.....<
#?.#.##.......
#.##.##.....#.# #.
#.###......#


You could see eggzz's ghost.

Vanquished Creatures
  An orc priest (D:3)
  5 adders (D:2)
  4 dart slugs
  A leopard gecko (D:2)
  2 orcs (D:3)
  6 bats
  6 giant cockroaches
  8 goblins
  6 hobgoblins
  5 jackals
  A quokka (D:2)
  4 frilled lizards (D:1)
  6 kobolds
  5 rats
60 creatures vanquished.

Notes
Turn   | Place    | Note
-------+----------+-------------------------------------------
     0 | D:1      | McKennaii the High Elf Air Elementalist began the quest for the Orb.
     0 | D:1      | Reached XP level 1. HP: 11/11 MP: 4/4
   147 | D:1      | Reached XP level 2. HP: 3/17 MP: 0/6
   209 | D:1      | Learned a level 2 spell: Swiftness
   212 | D:1      | Learned a level 2 spell: Repel Missiles
   425 | D:1      | Reached skill level 4 in Air Magic
   788 | D:1      | Reached XP level 3. HP: 21/21 MP: 2/8
  1157 | D:2      | Found a stormy altar of Qazlal.
  1235 | D:2      | Reached XP level 4. HP: 19/27 MP: 0/10
  1393 | D:2      | Found a sparkling altar of Nemelex Xobeh.
  1493 | D:2      | Reached skill level 1 in Long Blades
  1613 | D:3      | Reached XP level 5. HP: 31/31 MP: 4/11
  1658 | D:3      | Found a faded altar of an unknown god.
  1709 | D:3      | Noticed eggzz's ghost (amateur CeWr)
  1719 | D:3      | HP: 1/31 [eggzz's ghost (9)]
  1720 | D:3      | Slain by eggzz's ghost

Skill      XL: |  1  2  3  4 |
---------------+-------------+-----
Air Magic      | 4 |  4.4
Spellcasting   | 3 |  3.8
Long Blades    | 1 |  1.4
Conjurations   | 2 |  2.2
Fighting       | |  0.2
Dodging        | |  2.9
Stealth        | |  2.3
Unarmed Combat | |  0.8

Action                   |  1- 3 |  4- 6 || total
-------------------------+-------+-------++-------
Melee: Unarmed           |    50 |       ||    50
       Long sword        |     6 |    10 ||    16
 Cast: Shock             |    87 |    46 ||   133
  Use: Potion            |       |     2 ||     2
  Eat: Bread ration      |       |     1 ||     1
Armor: Robe              |    17 |       ||    17
Dodge: Dodged            |    53 |    11 ||    64
       Rpst.: Long sword |     2 |     2 ||     4
